 Dungeon Crawl Stone Soup version 0.31.0-11-ge490571c62 (webtiles) character file.

Game seed: 3648615717014662726

3933 shadizar the Fighter (level 10, -11/78 HPs)
             Began as a Djinni Air Elementalist on Jan 27, 2024.
             Was an Initiate of Makhleb.
             Mangled by a tengu warrior
             ... wielding a +3 great sword of electrocution
              (16 damage)
             ... on level 8 of the Dungeon.
             The game lasted 00:17:28 (7701 turns).

shadizar the Fighter (Djinni Air Elementalist)      Turns: 7701, Time: 00:17:29

Health: -11/78     AC:  6    Str:  7    XL:     10   Next: 44%
Gold:   715        EV: 12    Int: 26    God:    Makhleb [......] SH: 10 Dex: 15

rFire   + + .        (no weapon)
rCold   x . .        H - +0 buckler
rNeg    . . .        u - +2 leather armour {Will+}
rPois   ∞            G - +1 hat
rElec   .            (no cloak)
rCorr   .            (no gloves)
SInv    +            (boots unavailable)
Will    ++...        m - amulet of reflection
Stlth   ++           s - +6 ring of intelligence
HPRegen 0.33/turn    w - ring of wizardry
MPRegen 0.00/turn

%: reflection, wizardry (x1), infuse magic (-12 HP)
@: flying, slowed, very slow
A: sickness immunity, fire resistance 2, cold vulnerability 1, float, innate
caster, HP casting, extra vitality 1
a: Renounce Religion


You were on level 8 of the Dungeon.
You worshipped Makhleb.
Makhleb was noncommittal.
You visited 2 branches of the dungeon, and saw 9 of its levels.
You also visited: Ossuary.

You collected 715 gold pieces.

Inventory:

Hand Weapons
 J - a +2 whip of flaming
Missiles
 v - a throwing net
Armour
 a - a +0 robe
 f - a +1 leather armour of cold resistance
 u - a +2 leather armour of willpower (worn)
 G - a +1 hat (worn)
 H - a +0 buckler (worn)
 N - an orb of guile
Jewellery
 i - an amulet of faith
 m - an amulet of reflection (around neck)
 s - a +6 ring of intelligence (left hand)
 w - a ring of wizardry (right hand)
Wands
 t - a wand of flame (51)
 E - a wand of charming (9)
 F - a wand of polymorph (11)
 I - a wand of quicksilver (8)
Scrolls
 b - 4 scrolls of enchant armour {unknown}
 d - 3 scrolls of vulnerability {unknown}
 e - 11 scrolls of identify {unknown}
 h - 2 scrolls of immolation
 q - a scroll of amnesia
 y - a scroll of revelation
Potions
 k - a potion of brilliance {unknown}
 l - 3 potions of might {unknown}
 p - 4 potions of lignification {unknown}
 r - 3 potions of heal wounds {unknown}
 x - 3 potions of enlightenment {unknown}
 z - a potion of degeneration {unknown}
 A - a potion of mutation {unknown}
 B - 2 potions of cancellation {unknown}
 C - a potion of curing {unknown}
 D - a potion of invisibility {unknown}
 K - a potion of haste {unknown}
 L - 2 potions of ambrosia {unknown}
 M - a potion of magic {unknown}


   Skills:
 + Level 9.1 Fighting
 + Level 4.1 Armour
 + Level 5.2 Dodging
 - Level 1.5 Stealth
 + Level 4.1 Shields
 + Level 7.2 Spellcasting
 + Level 7.2 Conjurations
 + Level 7.2 Hexes
 + Level 7.2 Summonings
 + Level 7.2 Necromancy
 + Level 7.2 Translocations
 + Level 7.2 Fire Magic
 + Level 7.2 Ice Magic
 + Level 7.2 Air Magic
 + Level 7.2 Earth Magic
 + Level 7.2 Alchemy


You knew the following spells:

 Your Spells              Type           Power      Damage    Failure   Level
a - Shock                 Conj/Air       100%       1d9       1%          1
b - Static Discharge      Conj/Air       94%        3-7/arc   1%          2
c - Swiftness             Air            47%        N/A       1%          3
d - Airstrike             Air            23%        2d(4-20)  2%          4
e - Sandblast             Erth           94%        2d19      1%          1
f - Scorch                Fire           94%        2d8       1%          2
g - Summon Ice Beast      Ice/Summ       47%        N/A       1%          3
h - Summon Blazeheart Go  Fire/Summ      47%        N/A       2%          4
Your spell library was empty.

Dungeon Overview and Level Annotations

Branches:
Dungeon (8/15)             Temple (1/1) D:6         Ossuary (visited)
   Lair: D:8-11

Altars:
Elyvilon
Fedhas
Gozag
Hepliaklqana
Makhleb
Okawaru
Qazlal
Ru
Trog
Uskayaw
Wu Jian
Xom
Yredelemnul
The Shining One

Shops:
D:2 !   D:4 ?   D:6 :=

Annotations:
D:7 1 runed translucent door, Crazy Yiuf


Innate Abilities, Weirdness & Mutations

You are immune to sickness and miasma.
You are immune to poison.
Your flesh is very heat resistant. (rF++)
You are vulnerable to cold. (rC-)
You float through the air rather than walking.
You learn spells naturally, not from books.
Your magical power is your life essence.
You have superior vitality. (+4 MHP)


Message History

The manticore flicks its tail.
The volley of spikes skewers you.
The barbed spikes become lodged in your body.
A wraith comes into view.
The tengu warrior shouts!
Unknown command.
Unknown command.
Okay, then.
Okay, then.
As you read the scroll labelled GARCHAS KESK, it crumbles to dust.
You assume a fearsome visage.
The tengu warrior looks frightened!
The centaur warrior looks frightened!
The wraith is unaffected.
The manticore looks frightened!
It was a scroll of fear.
A cyclops comes into view.
Unknown command.
As you read the scroll labelled NASEIRH BAST, it crumbles to dust.
It is a scroll of enchant weapon.
Okay, then.
Unknown command.
As you read the scroll labelled FESTRI JYP NYH, it crumbles to dust.
It is a scroll of amnesia.
You feel forgetful for a moment.
Cornered, the tengu warrior turns to fight!
The wraith hits you. The wraith drains your vigour!
You feel yourself slow down.
Unknown command.
As you read the scroll labelled KYHEKU DEOR, it crumbles to dust.
You feel aware of your surroundings.
You sensed 4 altars, and 1 shop/portal.
It was a scroll of revelation.
A death knight comes into view. It is wielding a +0 glaive.
You carefully extract the barbed spikes from your body.
The centaur warrior unwields a +0 shortbow.
The centaur warrior hits you but does no damage.
The centaur warrior kicks you but does no damage.
You block the wraith's attack. The centaur warrior misses you.
The centaur warrior kicks you but does no damage.
The tengu warrior hits you with a +3 great sword of electrocution!!
* * * LOW HITPOINT WARNING * * *
You are electrocuted!
You die...

,,,,,*,*,,,,,,,*,...............§
,,,,,*,*,......#....#...........#
,,,,,,,*,...........#...).<......
,,,,,****######.#####...)[)......
,,,,,* ######.#####............
,,,,,* ######.#####............
,,,,,*** ##.}#...#|H###########..
,,,,,,,* ##.p#.c$#..#### *,.
,,,,,*,* ##.##CW@##.#### ***
,,,,,*,* ###..###Q.##### ,,,,,*,*
###..###..##### ,,,,,*,*
###############
,,,,,,,**###############
,,,,,,,,*###........#### ********
,,**,**,,###........#### *,,,,,,,
,,,*,*,,,............###**,****,,
,*,,,,,*,,,,,,,,,,,,,**,,,,* *,,


You could see a death knight (wandering), a tengu warrior, a centaur warrior, a
manticore (fleeing), a cyclops and a wraith.

Vanquished Creatures
  Pikel (D:7)
  Jeremiah (D:7)
  Prince Ribbit (D:7)
  A steam dragon (D:8)
  A water moccasin (D:5)
  An ice beast (D:6)
  2 orc warriors (D:7)
  5 sky beasts (D:7)
  2 black bears (D:6)
  An ogre (D:4)
  A lemure (D:7)
  4 scorpions
  2 bullfrogs
  A gnoll sergeant (D:6)
  4 wights (D:6)
  3 killer bees (D:7)
  2 bombardier beetles
  A howler monkey (D:6)
  A crimson imp (D:4)
  A jelly (D:7)
  2 orc priests
  3 hounds
  3 iguanas
  5 orc wizards
  6 mummies (Ossuary)
  9 gnolls
  5 adders
  A shadow imp (D:7)
  A white imp (D:4)
  3 dart slugs
  14 orcs
  5 bats
  6 endoplasms
  5 giant cockroaches
  9 goblins
  3 hobgoblins
  3 jackals (D:1)
  6 kobolds
  3 quokkas
  4 ball pythons
  A frilled lizard (D:1)
  3 gnoll zombies (Ossuary)
  A hobgoblin zombie (Ossuary)
  8 rats
145 creatures vanquished.

Vanquished Creatures (collateral kills)
  A killer bee (D:7)
  A gnoll bouda (D:8)
  2 mummies (Ossuary)
  4 gnolls (D:8)
  An adder (D:5)
  2 hobgoblin zombies (Ossuary)
  2 kobold zombies (Ossuary)
13 creatures vanquished.

Grand Total: 158 creatures vanquished

Notes
Turn   | Place    | Note
-------+----------+-------------------------------------------
     0 | D:1      | shadizar the Djinni Air Elementalist began the quest for
                  | the Orb.
     0 | D:1      | shadizar set off with the following spells memorised:
                  | Shock, Static Discharge, Swiftness, Airstrike.
     0 | D:1      | Reached XP level 1. HP: 15/15 MP: 0/0
   113 | D:1      | Reached XP level 2. HP: 21/22 MP: 0/0
   120 | D:1      | Reached skill level 1 in Fighting
   188 | D:1      | Found a faded altar of an unknown god.
   540 | D:1      | Reached XP level 3. HP: 19/27 MP: 0/0
   540 | D:1      | Learned a level 1 spell: Sandblast
  1044 | D:2      | Found Fuomonala's Distillery.
  1594 | D:3      | Reached skill level 2 in Fighting
  1601 | D:3      | Noticed a scorpion
  1660 | D:3      | Reached XP level 4. HP: 5/33 MP: 0/0
  1660 | D:3      | HP: 1/33 [/static electricity (2)]
  1660 | D:3      | Killed a scorpion
  1661 | D:3      | Reached skill level 3 in Fighting
  1661 | D:3      | Reached XP level 5. HP: 1/40 MP: 0/0
  1661 | D:3      | Learned a level 2 spell: Scorch
  2087 | D:3      | Identified the +4 mace of Xuicuahy {heavy, rPois Will+}
  2520 | D:4      | Reached skill level 4 in Fighting
  2520 | D:4      | Reached XP level 6. HP: 12/47 MP: 0/0
  2743 | D:4      | Found Seubb's Magic Scroll Shoppe.
  2978 | D:4      | Found an iron altar of Okawaru.
  3015 | D:4      | Noticed an ogre
  3021 | D:4      | Killed an ogre
  3029 | D:4      | Reached XP level 7. HP: 24/53 MP: 0/0
  3029 | D:4      | Learned a level 3 spell: Summon Ice Beast
  3618 | D:5      | Entered Level 5 of the Dungeon
  3647 | D:5      | Reached skill level 5 in Fighting
  3647 | D:5      | Reached skill level 5 in Spellcasting
  3647 | D:5      | Reached skill level 5 in Conjurations
  3647 | D:5      | Reached skill level 5 in Hexes
  3647 | D:5      | Reached skill level 5 in Summonings
  3647 | D:5      | Reached skill level 5 in Necromancy
  3647 | D:5      | Reached skill level 5 in Translocations
  3647 | D:5      | Reached skill level 5 in Fire Magic
  3647 | D:5      | Reached skill level 5 in Ice Magic
  3647 | D:5      | Reached skill level 5 in Air Magic
  3647 | D:5      | Reached skill level 5 in Earth Magic
  3647 | D:5      | Reached skill level 5 in Alchemy
  3871 | D:5      | Found a glowing golden altar of the Shining One.
  3949 | D:5      | Found a blossoming altar of Fedhas.
  4012 | D:5      | Found a sand-covered staircase.
  4022 | Ossuary  | Entered an ossuary
  4397 | D:5      | Noticed a water moccasin
  4438 | D:5      | Found a stormy altar of Qazlal.
  4497 | D:5      | Killed a water moccasin
  4498 | D:5      | Reached skill level 6 in Fighting
  4498 | D:5      | Reached XP level 8. HP: 52/61 MP: 0/0
  4987 | D:6      | Noticed a walking frostbound tome
  5028 | D:6      | Found Dekki's Book Shop.
  5030 | D:6      | Noticed a walking earthen tome
  5052 | D:6      | Reached skill level 7 in Fighting
  5201 | D:6      | Reached XP level 9. HP: 64/68 MP: 0/0
  5201 | D:6      | Learned a level 4 spell: Summon Blazeheart Golem
  5282 | D:6      | Found a hazy altar of Hepliaklqana.
  5693 | D:6      | Found Ulevaoj's Jewellery Boutique.
  5807 | D:6      | Found a staircase to the Ecumenical Temple.
  5917 | D:7      | Reached skill level 8 in Fighting
  5917 | D:7      | Reached skill level 1 in Armour
  5917 | D:7      | Reached skill level 1 in Shields
  6017 | D:7      | Found a runed translucent door.
  6018 | D:7      | Noticed Crazy Yiuf
  6371 | Temple   | Entered the Ecumenical Temple
  6404 | Temple   | Became a worshipper of Makhleb the Destroyer
  6464 | D:7      | Noticed Pikel
  6569 | D:7      | Killed Pikel
  6615 | D:7      | Reached XP level 10. HP: 67/77 MP: 0/0
  6681 | D:7      | Noticed Prince Ribbit
  6686 | D:7      | Killed Prince Ribbit
  6948 | D:7      | Noticed Jeremiah
  6952 | D:7      | Killed Jeremiah
  6982 | D:7      | Reached skill level 5 in Dodging
  7161 | D:7      | Reached skill level 9 in Fighting
  7697 | D:8      | Noticed a centaur warrior
  7697 | D:8      | Noticed a manticore
  7697 | D:8      | Noticed a tengu warrior
  7698 | D:8      | Noticed a cyclops
  7701 | D:8      | Noticed a death knight
  7701 | D:8      | Mangled by a tengu warrior

Illustrated notes

Levels and vault maps discovered:
D:1:      arrival_zaba_pyramid, layout_loops_ring,
          hellmonk_ecumenical_altar_blasted, minmay_crystal_room, minmay_3d_cube
D:2:      layout_loops_ring, serial_shops, shop
D:3:      layout_loops_cross
D:4:      layout_basic, mainiacjoe_overflow_boulevard, serial_shops,
          nicolae_diamond_shop, minmay_fire_ice_demons
D:5:      layout_layer_cave, tso_metal_star, mainiacjoe_overflow_alcove_4,
          old_standard_altar, enter_ossuary_3
D:6:      corexii_shack_village, layout_rooms, mainiacjoe_overflow_24_doors,
          minmay_temple_entry_enclosed_plants, serial_shops,
          nicolae_shop_advertising_works [nicolae_subvault_shop_adworks],
          nicolae_shop_mannequins, serial_glass, glass_columns_b,
          glass_columns_a
D:7:      layout_cave_pools, mainiacjoe_overflow_swirl,
          mainiacjoe_overflow_catwalk, chequers_arboretum,
          kennysheep_flooded_box, chequers_serial_rivers_small_b,
          nrook_mini_backslash, uniq_pikel, uniq_crazy_yiuf_cottage,
          uniq_prince_ribbit1, uniq_jeremiah
D:8:      minmay_blocky_corners, layout_basic,
          grunt_dithmenos_smoke_and_mirrors,
          mainiacjoe_overflow_small_starburst, nicolae_overflow_squiral,
          enter_bailey_3
Temple:   kb_temple_of_zot

Skill      XL: |  1  2  3  4  5  6  7  8  9 10 |
---------------+-------------------------------+-----
Fighting       | 1 2 3 4 6 7 8 9 |  9.1
Spellcasting   | 4 5 6 7 |  7.2
Conjurations   | 4 5 6 7 |  7.2
Hexes          | 4 5 6 7 |  7.2
Summonings     | 4 5 6 7 |  7.2
Necromancy     | 4 5 6 7 |  7.2
Translocations | 4 5 6 7 |  7.2
Fire Magic     | 4 5 6 7 |  7.2
Ice Magic      | 4 5 6 7 |  7.2
Air Magic      | 4 5 6 7 |  7.2
Earth Magic    | 4 5 6 7 |  7.2
Alchemy        | 4 5 6 7 |  7.2
Armour         | 2 4 |  4.1
Shields        | 2 4 |  4.1
Dodging        | 4 5 |  5.2
Stealth        | |  1.5

Action                     |  1- 3 |  4- 6 |  7- 9 | 10-12 || total
---------------------------+-------+-------+-------+-------++-------
   Cast: Shock             |    68 |    35 |    55 |       ||   158
         Sandblast         |     3 |    21 |    12 |       ||    36
         Static Discharge  |     2 |     1 |       |       ||     3
         Swiftness         |       |     1 |     1 |       ||     2
         Scorch            |       |       |    34 |    10 ||    44
         Airstrike         |       |       |    77 |    28 ||   105
         Summon Ice Beast  |       |       |     3 |     1 ||     4
         Summon Blazeheart |       |       |       |     1 ||     1
    Use: Scroll            |       |       |       |     7 ||     7
 Armour: Robe              |    20 |    11 |     6 |       ||    37
         Leather armour    |       |       |     5 |    18 ||    23
  Dodge: Dodged            |    11 |     7 |    15 |    15 ||    48
  Block: Other             |     3 |     3 |     5 |       ||    11
         Reflection        |       |       |     1 |       ||     1
         Buckler           |       |       |       |    15 ||    15
